AoeStats
← DeftHu3

Arabian Desert

508937300Analyzed
1v1 RM · 7d ago on Sep 24, 2026· 27m 49s· 2 players
Game mode
Random Map
Map size
Tiny (2 player)
Population
200
Speed
Normal
Resources
Standard
Victory
Conquest
Starting age
Dark Age
Ending age
Imperial Age
RankedLock teamsTeams togetherTeam positionsShared explorationLock speedFull tech treeHidden civsTurbo modeCheats
Victory
Defeat
🇧🇷 Goths · Brazil
961
+15
🇦🇷 Inca · Argentina
938
-15
warmix7732
4:16 Loom
10:23 Feudal Age
10:50 Double-Bit Axe
16:35 Wheelbarrow
21:45 Castle Age
20:21 Horse Collar
20:36 Gold Mining
22:45 Bow Saw
22:41 Heavy Plow
23:25 Gold Shaft Mining
24:32 Forging
24:16 Stone Mining
25:42 Stone Shaft Mining
25:45 Forging
DeftHu3
0:25 Loom
10:05 Feudal Age
10:37 Double-Bit Axe
10:49 Horse Collar
13:54 Man-at-Arms
16:45 Padded Archer Armor
16:49 Scale Mail Armor
20:48 Castle Age
19:49 Forging
20:32 Wheelbarrow
20:29 Gold Mining
21:34 Heavy Plow
22:08 Bow Saw
23:21 Chain Mail Armor
22:53 Long Swordsman
24:04 Squires
25:52 Iron Casting
Connection lost

Rejoining the realm…

Still unreachable

The connection could not be restored.

Session expired

The server has moved on; the page needs a fresh start.